 Dungeon Crawl Stone Soup version 0.28.0-45-g0d030f2227 (webtiles) character file.

Game seed: 3821020168946332882

943 protoss039 the Skirmisher (level 7, 0/55 HPs)
             Began as a Demonspawn Earth Elementalist on May 30, 2022.
             Was a Follower of Vehumet.
             Slain by an orc warrior
             ... wielding a +0 scimitar
              (13 damage)
             ... on level 6 of the Dungeon.
             The game lasted 00:12:05 (7560 turns).

protoss039 the Skirmisher (DsEE)                    Turns: 7560, Time: 00:12:09

Health: 0/55       AC:  6    Str:  8    XL:     7   Next: 88%
Magic:  8/21       EV: 12    Int: 25    God:    Vehumet [*.....]
Gold:   248        SH:  0    Dex: 13    Spells: 2/13 levels left

rFire   . . .      SeeInvis .   j - +0 whip (venom)
rCold   . . .      Faith    .   (no shield)
rNeg    . . .      Spirit   .   w - +2 robe
rPois   .          Reflect  .   (no helmet)
rElec   .          Harm     .   (no cloak)
rCorr   .          Rampage  .   (no gloves)
Will    .....                   (no boots)
Stlth   ++........              (no amulet)
HPRegen 0.18/turn               b - ring of magical power
MPRegen 0.17/turn               B - +6 ring of intelligence

@: mighty, very slightly contaminated
A: icy blue scales 1, powered by pain 1
a: Renounce Religion


You were on level 6 of the Dungeon.
You worshipped Vehumet.
Vehumet was aware of your devotion.
You visited 2 branches of the dungeon, and saw 7 of its levels.
You also visited: Ossuary.

You collected 248 gold pieces.

Inventory:

Hand Weapons
 j - a +0 whip of venom (weapon)
 t - a +0 short sword of flaming
 v - a +2 scythe of protection
Missiles
 c - 110 stones
 e - a throwing net
Armour
 w - a +2 robe (worn)
Jewellery
 b - a ring of magical power (left hand)
 y - a ring of willpower
 B - a +6 ring of intelligence (right hand)
Scrolls
 a - 2 scrolls of teleportation
 d - 2 scrolls of fear
 f - 3 scrolls of enchant weapon
 g - a scroll of immolation {unknown}
 k - 3 scrolls of magic mapping
 m - 3 scrolls of fog
 o - a scroll of identify
 p - 2 scrolls of summoning {unknown}
 q - 2 scrolls of holy word {unknown}
 x - a scroll of amnesia {unknown}
 C - a scroll of blinking {unknown}
Potions
 h - a potion of brilliance {unknown}
 i - 2 potions of degeneration {unknown}
 l - 2 potions of resistance {unknown}
 n - 4 potions of curing
 r - 4 potions of attraction {unknown}
 s - 2 potions of heal wounds
 u - a potion of flight {unknown}
 z - a potion of mutation {unknown}
 A - a potion of invisibility {unknown}
 D - a potion of might {unknown}


   Skills:
 * Level 4.8 Fighting
 - Level 3.0 Armour
 - Level 1.7 Dodging
 - Level 1.7 Stealth
 + Level 3.7 Spellcasting
 + Level 3.4 Conjurations
 * Level 1.5 Necromancy
 - Level 1.0 Transmutations
 + Level 4.2 Earth Magic


You had 2 spell levels left.
You knew the following spells:

 Your Spells              Type           Power      Damage    Failure   Level
a - Sandblast             Erth           50%        2d12      1%          1
b - Passwall              Tmut/Erth      14%        N/A       4%          2
c - Stone Arrow           Conj/Erth      46%        3d9       6%          3
i - Borgnjor's Vile Clut  Necr/Erth      9%         N/A       63%         5

Your spell library contained the following spells:

 Spells                   Type           Power      Damage    Failure   Level
 Freeze                   Ice            16%        1d4       10%         1
 Blink                    Tloc           8%         N/A       14%         2
 Confusing Touch          Hex            4%         N/A       28%         3
 Gell's Gravitas          Tloc           4%         N/A       28%         3
 Lesser Beckoning         Tloc           4%         N/A       28%         3
 Teleport Other           Tloc           4%         N/A       28%         3
 Petrify                  Tmut/Erth      17%        N/A       32%         4
 Animate Armour           Summ/Erth      30%        N/A       36%         4
 Alistair's Intoxication  Tmut/Pois      4%         N/A       91%         5
 Yara's Violent Unravell  Hex/Tmut       3%         3d4       91%         5
 Manifold Assault         Tloc           4%         N/A       95%         5
 Eringya's Noxious Bog    Tmut/Pois      3%         N/A       100%        6
 Enfeeble                 Hex            2%         N/A       100%        7
 Lehudib's Crystal Spear  Conj/Erth      11%        10d4      100%        8


Dungeon Overview and Level Annotations

Branches:
Dungeon (6/15)             Temple (1/1) D:4         Ossuary (visited)

Altars:
Ashenzari
Cheibriados
Dithmenos
Elyvilon
Gozag
Hepliaklqana
Makhleb
Okawaru
Qazlal
Ru
Sif Muna
Trog
Uskayaw
Vehumet
Wu Jian
Xom
Yredelemnul
The Shining One

Shops:
D:5 [


Innate Abilities, Weirdness & Mutations

You are partially covered in icy blue scales. (AC +2)
You sometimes gain a little power by taking damage.


Message History

Press: ? - help, Shift-Dir - straight line, f/p - orc warrior
Aim: an orc warrior, wielding a +0 scimitar and wearing a +0 plate armour (moderately wounded, 71% to hit)
The stone arrow misses the orc warrior.
The stone arrow hits the orc!
You kill the orc!
Vehumet accepts your kill.
The orc warrior hits you with a +0 scimitar!
The orc completely misses you.
Casting: Stone Arrow (dangerous; 6% risk of failure)
Confirm with . or Enter, or press ? or * to list all spells.
Aiming: Stone Arrow (dangerous; 6% risk of failure)
Press: ? - help, Shift-Dir - straight line, f/p - orc warrior
Aim: an orc warrior, wielding a +0 scimitar and wearing a +0 plate armour (moderately wounded, 71% to hit)
The stone arrow hits the orc warrior!
The orc warrior is heavily wounded.
The orc warrior hits you with a +0 scimitar!
You focus on the pain.
You feel your power returning. The orc closely misses you.
Unknown command.
Casting: Stone Arrow (dangerous; 6% risk of failure)
Confirm with . or Enter, or press ? or * to list all spells.
Aiming: Stone Arrow (dangerous; 6% risk of failure)
Press: ? - help, Shift-Dir - straight line, f/p - orc warrior
Aim: an orc warrior, wielding a +0 scimitar and wearing a +0 plate armour (heavily wounded, 71% to hit)
The stone arrow hits the orc warrior!
The orc warrior is almost dead.
The orc warrior hits you with a +0 scimitar!!
* * * LOW HITPOINT WARNING * * *
You focus on the pain.
You feel very mighty all of a sudden. The orc misses you.
Unknown command.
Casting: Stone Arrow (dangerous; 6% risk of failure)
Confirm with . or Enter, or press ? or * to list all spells.
Aiming: Stone Arrow (dangerous; 6% risk of failure)
Press: ? - help, Shift-Dir - straight line, f/p - orc warrior
Aim: an orc warrior, wielding a +0 scimitar and wearing a +0 plate armour (almost dead, 71% to hit)
The stone arrow hits the orc warrior but does no damage.
The orc warrior is almost dead.
The orc warrior hits you with a +0 scimitar!
You die...

#............# #########
##...........# ........#
#...........# ........#
##..........# ........#
#..........#
........#####..#.#######
.............#.#.#
>.......####.#.#.#
.......@# #.#.#.#
......oo# #.#.#.#
........# #.#...#
.......)# #.##..#
........# #.# ..#
......... #.# ..
####..... #.....


You could see an orc warrior and an orc.

Vanquished Creatures
  Sigmund (D:3)
  2 necrophages
  A phantom (D:5)
  A centaur (D:6)
  A bullfrog zombie (D:5)
  A hound (D:5)
  A centaur skeleton (D:5)
  Terence (D:2)
  An iguana (D:6)
  A scorpion zombie (D:5)
  12 mummies (Ossuary)
  A howler monkey zombie (D:5)
  An adder (D:3)
  3 howler monkey skeletons
  An adder zombie (D:5)
  An adder skeleton (D:4)
  A worm (D:3)
  3 dart slugs
  3 orcs
  6 ball pythons
  8 endoplasms
  A giant cockroach (D:3)
  3 goblins
  3 hobgoblins
  5 jackals
  6 quokkas
  5 bats
  3 frilled lizards
  A gnoll skeleton (Ossuary)
  4 goblin skeletons (Ossuary)
  8 kobolds
  2 kobold skeletons (Ossuary)
  An orc skeleton (Ossuary)
  5 rats
  11 rat skeletons (Ossuary)
109 creatures vanquished.

Notes
Turn   | Place    | Note
-------+----------+-------------------------------------------
     0 | D:1      | protoss039 the Demonspawn Earth Elementalist began the
                  | quest for the Orb.
     0 | D:1      | Reached XP level 1. HP: 13/13 MP: 3/3
   244 | D:1      | Reached skill level 1 in Transmutations
   646 | D:1      | Gained mutation: You are partially covered in icy blue
                  | scales. (AC +2) [demonic ancestry]
   646 | D:1      | Reached XP level 2. HP: 5/20 MP: 3/5
   961 | D:1      | Reached skill level 1 in Fighting
  1306 | D:1      | Found a faded altar of an unknown god.
  1688 | D:1      | Learned a level 2 spell: Passwall
  1901 | D:2      | Reached XP level 3. HP: 21/26 MP: 6/6
  2110 | D:2      | Noticed Terence
  2238 | D:3      | You fall into a shaft and drop 1 floor!
  2245 | D:4      | Learned a level 3 spell: Stone Arrow
  2308 | D:4      | Found a sand-covered staircase.
  2318 | Ossuary  | Entered an ossuary
  2377 | Ossuary  | Reached skill level 1 in Armour
  2596 | Ossuary  | Reached skill level 1 in Conjurations
  2596 | Ossuary  | Reached XP level 4. HP: 15/33 MP: 1/7
  3390 | Ossuary  | Gained mutation: You sometimes gain a little power by
                  | taking damage. [demonic ancestry]
  3390 | Ossuary  | Reached XP level 5. HP: 21/39 MP: 1/9
  4351 | D:4      | Noticed a necrophage
  4356 | D:4      | Killed a necrophage
  4357 | D:4      | Reached XP level 6. HP: 40/47 MP: 6/10
  4520 | D:4      | Found a staircase to the Ecumenical Temple.
  4592 | Temple   | Entered the Ecumenical Temple
  4684 | Temple   | Became a worshipper of Vehumet
  5082 | D:3      | Noticed Sigmund
  5114 | D:3      | Killed Sigmund
  5563 | D:3      | Found a sacrificial altar of Ru.
  5580 | D:3      | Found a hide-covered altar of Uskayaw.
  6055 | D:2      | Killed Terence
  6056 | D:2      | Reached XP level 7. HP: 16/53 MP: 8/11
  6394 | D:5      | Entered Level 5 of the Dungeon
  6476 | D:5      | Found Faofugh's Antique Armour Emporium.
  6585 | D:5      | Reached * piety under Vehumet
  6585 | D:5      | Offered knowledge of Freeze by Vehumet.
  7244 | D:6      | Learned a level 5 spell: Borgnjor's Vile Clutch
  7287 | D:6      | Reached skill level 1 in Necromancy
  7560 | D:6      | Slain by an orc warrior

Illustrated notes

Levels and vault maps discovered:
D:1:      dpeg_cavernosity, layout_rooms, nicolae_ecumenical_snake_handling,
          serial_forest, infiniplex_forest_straight_5,
          infiniplex_forest_fountain, infiniplex_forest_straight_5,
          infiniplex_forest_straight_2, infiniplex_forest_zigzag_1,
          infiniplex_forest_lined_room_3
D:2:      layout_loops_cross, uniq_terence
D:3:      layout_loops_cross, mainiacjoe_overflow_large_starburst,
          minmay_misc_feat_chi, uniq_sigmund
D:4:      layout_cave_pools, temple_fountains,
          lightli_ossuary_entry_decrepit_ruins
D:5:      layout_loops_ring, serial_shops, nicolae_shop_statue_plus
D:6:      layout_basic, kiku_gazebo_garden_becter, uniq_eustachio
Temple:   lightli_temple_of_artemis

Skill      XL: |  1  2  3  4  5  6  7 |
---------------+----------------------+-----
Transmutations | 1 |  1.0
Fighting       | 1 2 3 4 |  4.8
Armour         | 1 2 3 |  3.0
Earth Magic    | 3 4 |  4.2
Conjurations   | 1 2 3 |  3.4
Spellcasting   | 3 |  3.7
Necromancy     | 1 |  1.5
Dodging        | |  1.7
Stealth        | |  1.7

Action                   |  1- 3 |  4- 6 |  7- 9 || total
-------------------------+-------+-------+-------++-------
Melee: Club              |    37 |       |       ||    37
       Spear             |    87 |   124 |       ||   211
       Punch             |     2 |     3 |       ||     5
       Short sword       |       |    65 |       ||    65
       Scythe            |       |    17 |    39 ||    56
       Whip              |       |     4 |    16 ||    20
 Cast: Sandblast         |    19 |     6 |       ||    25
       Stone Arrow       |     1 |    28 |    19 ||    48
       Passwall          |       |     1 |       ||     1
  Use: Scroll            |       |     7 |     1 ||     8
       Potion            |       |     1 |       ||     1
 Stab: Sleeping          |     7 |     5 |     2 ||    14
       Distracted        |       |       |     1 ||     1
Armor: Robe              |    13 |     6 |    45 ||    64
       Leather armour    |    24 |    50 |       ||    74
Dodge: Dodged            |    63 |    70 |    56 ||   189
